Map: Terrasses de Prion

Players

Wolf

  • Race: Zerg Zerg
  • League: Platinum

fahirn

  • Race: Zerg Zerg
  • League: Gold

Azzran

  • Race: Zerg Zerg
  • League: Platinum

Rekin

  • Race: Zerg Zerg
  • League: Gold

VOD

Have the link to the VOD?

Description

Time

  • Played on: March 9, 2016, 4:02 p.m.
  • Length: 12:07
Show
View Real Time Build Order
Export as new Build Order

Wolf Zerg 

Build Orders: Pool First 

Get SALT Encoding   

  12  0:01  Drone  
  13  0:12  Overlord  
  13  0:20  Drone  
  14  0:30  Drone  
  14  0:31  Drone  
  16  0:37  Extractor, Drone  
  16  0:48  Spawning Pool  
  15  0:51  Drone  
  16  1:03  Drone  
  17  1:22  Hatchery  
  17  1:25  Drone  
  17  1:30  Drone  
  18  1:37  Drone  
  19  1:42  Metabolic Boost  
  19  2:00  Baneling Nest  
  18  2:02  Zergling x6  
  21  2:15  Overlord  
  21  2:35  Queen  
  21  2:36  Queen  
  25  2:38  Drone x2  
  27  2:45  Drone  
  27  2:47  Drone  
  29  2:58  Drone x3  
  32  3:07  Overlord  
  32  3:19  Drone x3  
  35  3:28  Overlord  
  34  3:34  Roach Warren  
  31  3:52  Extractor  
  30  3:59  Extractor  
  30  4:00  Extractor  
  28  4:04  Queen  
  28  4:05  Queen  
  28  4:07  Drone  
  28  4:08  Drone x6  
  39  4:16  Roach x4  
  47  4:23  Spine Crawler  
  46  4:26  Spine Crawler  
  46  4:28  Roach x3  
  51  4:41  Overlord x3  
  51  4:46  Lair  
  51  5:11  Roach x6  
  51  5:12  Roach x2  
  67  5:43  Roach x4  
  67  5:44  Overlord  
  67  5:48  Hatchery  
  74  6:00  Roach  
  74  6:03  Roach x4  
  84  6:17  Overlord x3  
  84  6:27  Roach  
  82  6:33  Glial Reconstitution  
  82  6:34  Roach  
  82  6:35  Overlord  
  82  6:36  Overlord  
  82  6:37  Roach x3  
  88  6:41  Roach  
  88  6:44  Ravager  
  91  6:47  Ravager  
  91  6:50  Ravager  
  93  7:02  Roach  
  93  7:03  Roach x4  
  93  7:05  Roach  
  105  7:10  Drone x2  
  105  7:15  Drone x2  
  109  7:17  Drone  
  110  7:25  Drone x2  
  110  7:34  Drone x3  
  113  7:43  Overlord x2  
  113  7:59  Hydralisk Den, Evolution Chamber x2  
  110  8:15  Roach x2, Hatchery  
  110  8:16  Roach x4  
  117  8:22  Roach x2  
  121  8:34  Zerg Missile Weapons Level 1  
  121  8:35  Zerg Ground Armor Level 1  
  121  8:38  Muscular Augments  
  121  8:50  Overlord, Overseer  
  121  8:51  Overlord  
  121  9:03  Roach x2  
  121  9:04  Roach x3  
  121  9:05  Drone  
  128  9:27  Roach x4  
  128  9:28  Roach x3  
  134  9:31  Roach  
  134  9:33  Roach  
  120  9:39  Roach x2  
  107  9:48  Roach x3  
  107  9:50  Roach  
  99  9:58  Roach x2  
  105  10:00  Roach  
  105  10:05  Roach  
  105  10:06  Roach  
  95  10:23  Drone x2  
  95  10:33  Roach  
  95  10:34  Roach x2  
  101  10:43  Hatchery  
  98  10:52  Roach x4  
  98  10:53  Roach  
  98  10:54  Roach  
  106  11:00  Roach x2  
  108  11:04  Roach  
  110  11:18  Drone x6  
  116  11:27  Drone x3  
  116  11:31  Drone  
  120  11:41  Drone x3  
Show
View Real Time Build Order
Export as new Build Order

fahirn Zerg 

Build Orders: Hatch First 

Get SALT Encoding   

  12  0:01  Drone  
  13  0:12  Overlord  
  13  0:17  Drone  
  14  0:30  Drone x2  
  16  0:49  Hatchery  
  15  0:53  Drone  
  15  0:56  Extractor  
  15  0:59  Drone  
  16  1:16  Drone  
  16  1:17  Spawning Pool  
  16  1:21  Drone  
  16  1:25  Drone  
  18  1:31  Drone  
  19  1:39  Overlord  
  19  2:04  Queen x2  
  23  2:13  Spine Crawler  
  22  2:24  Spine Crawler, Drone  
  22  2:27  Drone  
  23  2:32  Drone  
  23  2:34  Drone  
  26  2:37  Drone  
  26  2:40  Drone  
  27  2:51  Roach Warren, Drone  
  27  2:54  Drone  
  29  2:58  Drone  
  29  3:00  Extractor, Drone  
  29  3:06  Overlord  
  29  3:08  Drone  
  29  3:12  Drone  
  31  3:16  Drone x2  
  31  3:19  Extractor, Drone  
  33  3:41  Roach  
  33  3:42  Roach x4  
  43  3:53  Overlord x2  
  43  4:04  Overlord  
  43  4:11  Roach x3  
  43  4:12  Roach x2  
  53  4:23  Roach  
  53  4:24  Roach x2  
  59  4:33  Drone  
  59  4:37  Extractor  
  59  4:44  Overlord x2  
  59  4:50  Overlord x2  
  59  5:01  Overlord  
  59  5:02  Roach x2  
  59  5:04  Roach  
  65  5:07  Roach  
  65  5:09  Hatchery  
  66  5:16  Roach x3  
  72  5:22  Roach  
  72  5:25  Roach  
  76  5:29  Roach  
  76  5:31  Roach  
  80  5:37  Roach x2  
  80  5:42  Roach  
  86  5:48  Roach x2  
  90  5:50  Roach  
  92  5:59  Roach  
  92  6:00  Roach x2  
  92  6:04  Roach  
  100  6:24  Queen  
  100  6:25  Roach x3  
  98  6:36  Roach x3  
  98  6:37  Roach  
  104  6:42  Ravager  
  104  6:43  Ravager  
  104  6:45  Overlord  
  106  6:48  Overlord  
  106  6:57  Overlord  
  106  7:06  Roach x4  
  108  7:09  Drone  
  107  7:26  Roach x5  
  117  7:35  Roach x3  
  123  7:42  Drone x3  
  126  7:47  Ravager  
  126  7:50  Ravager  
  128  7:52  Ravager  
  128  7:54  Ravager  
  130  8:00  Overlord x2  
  130  8:01  Overlord  
  130  8:08  Overlord  
  125  8:28  Roach x6  
  137  8:36  Ravager  
  137  8:37  Ravager x5  
  137  8:39  Zergling x4  
  145  8:43  Metabolic Boost  
  145  8:45  Zergling x2  
  146  9:01  Roach x5  
  156  9:09  Extractor  
  155  9:10  Roach x2  
  155  9:17  Roach  
  161  9:20  Drone  
  161  9:21  Overlord  
  146  9:36  Roach x4  
  139  9:42  Roach x2  
  139  9:45  Roach  
  128  9:51  Roach x2  
  125  9:54  Roach  
  127  10:05  Roach x3  
  127  10:06  Roach  
  96  10:15  Roach  
  96  10:16  Roach  
  88  10:24  Roach x3  
  88  10:26  Roach  
  84  10:34  Roach  
  84  10:35  Roach  
  82  10:40  Roach  
  82  10:41  Roach  
  86  10:46  Roach x2  
  88  10:56  Roach x2  
  88  10:57  Roach  
  86  11:03  Roach x2  
  56  11:15  Roach x4  
  47  11:25  Ravager  
  47  11:27  Roach  
Show
View Real Time Build Order
Export as new Build Order

Azzran Zerg 

Build Orders:  

Get SALT Encoding   

Show
View Real Time Build Order
Export as new Build Order

Rekin Zerg 

Build Orders:  

Get SALT Encoding   

Tags
 
Add a new tag
Caveats
  • Supply blocks, unpowered buildings, or Contaminate may cause inaccurate times.
  • Supply counts are checked every 10 seconds.